 Dungeon Sprint DCSS version 0.18-a0-1692-g516f9e9 (webtiles) character file.

442 kae the Bludgeoner (level 6, -2/51 HPs)
             Began as a Minotaur Fighter on Apr 5, 2016.
             Was an Initiate of Makhleb.
             Slain by Sonja
             ... wielding a +0 dagger of distortion
              (9 damage)
             ... in the Dungeon (Sprint I: "Red Sonja").
             The game lasted 00:00:54 (492 turns).

kae the Bludgeoner (Minotaur Fighter)                Turns: 492, Time: 00:00:56

Health: -2/51      AC:  6    Str: 21    XL:     6   Next: 71%
Magic:  5/5        EV:  7    Int:  6    God:    Makhleb [......]
Gold:   297        SH:  9    Dex: 10    Spells: 0 memorised, 5 levels left

rFire  . . .     SeeInvis .     a - +0 flail
rCold  . . .     Gourm    .     b - +0 scale mail
rNeg   . . .     Faith    .     c - +0 shield
rPois  .         Spirit   .     (helmet restricted)
rElec  .         Dismiss  .     (no cloak)
rCorr  .         Reflect  .     (no gloves)
SustAt .         Harm     .     (no boots)
MR     .....     NoTele   +     (no amulet)
Stlth  ..........               (no ring)
                                (no ring)

@: not resistant to hostile enchantments, extremely unstealthy
A: retaliatory headbutt, horns 2
a: Renounce Religion


You were in the Dungeon.
You worshipped Makhleb.
Makhleb was noncommittal.
You were not hungry.

You visited 1 branch You collected 297 gold pieces.

Inventory:

Hand Weapons
 a - a +0 flail (weapon)
Armour
 b - a +0 scale mail (worn)
 c - a +0 shield (worn)
Scrolls
 k - a scroll of blinking
 m - a scroll of brand weapon {unknown}
Potions
 d - a potion of might
 e - a potion of curing
 h - a potion of haste
 i - 2 potions of magic
 j - a potion of berserk rage
 l - a potion of brilliance {unknown}
Comestibles
 f - a bread ration


   Skills:
 - Level 3.6 Fighting
 + Level 16.2 Maces & Flails
 - Level 3.6 Armour
 - Level 3.6 Shields


You had 5 spell levels left.
You didn't know any spells.

Dungeon Overview and Level Annotations

Branches:
Dungeon (1/1)

Altars:
Elyvilon
Gozag
Kikubaaqudgha
Makhleb
Nemelex Xobeh
Okawaru
Pakellas
Qazlal
Ru
Sif Muna
Trog
Vehumet
Xom
Yredelemnul
Zin
The Shining One

Shops:
D [

Annotations:
D Sonja


Innate Abilities, Weirdness & Mutations

You reflexively headbutt those who attack you in melee.
You have a pair of horns on your head.


Message History

Sonja hits you with a dagger of distortion.
Space warps horribly around you!
* * * LOW HITPOINT WARNING * * *
Sonja closely misses you.
You sock Sonja! Your headbutt misses Sonja.
Sonja is almost dead.
You block Sonja's attack. Sonja hits you but does no damage.
You feel a strange sense of stasis. You block Sonja's attack.
You miss Sonja.
Sonja is almost dead.
Sonja mumbles some strange words.
Sonja looks slightly unstable.
You closely miss Sonja.
Sonja is almost dead.
Sonja hits you with a dagger of distortion.
* * * LOW HITPOINT WARNING * * *
Space bends around you.
* * * LOW HITPOINT WARNING * * *
Sonja hits you but does no damage. Space warps horribly around you!
You die...

################
#<.#..)..#..'..#
#..)..#..').#..+
#..#####'#####'#
#..####..#...#(#
#..#__####..##.#
#..#_.___##'#..+
#⌠⌠#_.∩...†..K_#
####_..._##_@#+#
#_____###'#
####### #.# $.$
$.$ ##.## #+#


You could see Sonja.

Vanquished Creatures
  Sigmund (D)
  A yak (D)
  An ogre (D)
  A jelly (D)
  Ijyb (D)
5 creatures vanquished.

Notes
Turn   | Place    | Note
--------------------------------------------------------------
     0 | D        | kae the Minotaur Fighter began the quest for the Orb.
     0 | D        | Reached XP level 1. HP: 19/19 MP: 0/0
     1 | D        | Noticed Ijyb
    13 | D        | Killed Ijyb
    13 | D        | Reached skill level 7 in Maces & Flails
    13 | D        | Reached XP level 2. HP: 24/26 MP: 1/1
    32 | D        | Noticed an ogre
    36 | D        | Killed an ogre
    36 | D        | Reached skill level 11 in Maces & Flails
    36 | D        | Reached XP level 3. HP: 11/31 MP: 2/2
    36 | D        | Reached XP level 4. HP: 14/39 MP: 3/3
   171 | D        | Noticed Sigmund
   179 | D        | Killed Sigmund
   179 | D        | Reached skill level 14 in Maces & Flails
   179 | D        | Reached XP level 5. HP: 19/45 MP: 4/4
   179 | D        | Reached XP level 6. HP: 21/51 MP: 5/5
   308 | D        | Found a deep blue altar of Sif Muna.
   310 | D        | Found a radiant altar of Vehumet.
   411 | D        | Found Nunuz's Armour Emporium.
   411 | D        | Found a white marble altar of Elyvilon.
   411 | D        | Found a stormy altar of Qazlal.
   411 | D        | Found a basalt altar of Yredelemnul.
   411 | D        | Found an iron altar of Okawaru.
   411 | D        | Found a sparkling altar of Nemelex Xobeh.
   411 | D        | Found a shimmering altar of Xom.
   411 | D        | Found an ancient bone altar of Kikubaaqudgha.
   411 | D        | Noticed a yak
   415 | D        | Killed a yak
   415 | D        | Reached skill level 16 in Maces & Flails
   416 | D        | Found a burning altar of Makhleb.
   416 | D        | Found a sacrificial altar of Ru.
   416 | D        | Found an oddly glowing altar of Pakellas.
   416 | D        | Found a glowing golden altar of the Shining One.
   416 | D        | Found an opulent altar of Gozag.
   416 | D        | Found a glowing silver altar of Zin.
   417 | D        | Found a bloodstained altar of Trog.
   419 | D        | Became a worshipper of Makhleb the Destroyer
   482 | D        | Noticed Sonja
   492 | D        | Slain by Sonja

Vault maps used:
D:        dungeon_sprint_1

Skill      XL: |  1  2  3  4  5  6 |
---------------+-------------------+-----
Maces & Flails | 7 11 14 16 | 16.2
Fighting       | |  3.6
Armour         | |  3.6
Shields        | |  3.6

Action                   |  1- 3 |  4- 6 || total
-------------------------+-------+-------++-------
Melee: Flail             |    15 |    22 ||    37
  Use: Potion            |       |     1 ||     1
